 Dungeon Crawl Stone Soup version 0.18.1-50-g88ac8fd (webtiles) character file.

8236 Jardinier the Fighter (level 11, -2/87 HPs)
             Began as a Human Berserker on Oct 16, 2016.
             Was a High Priest of Trog.
             Slain by a yak (4 damage)
             ... on level 2 of the Lair of Beasts.
             The game lasted 01:18:28 (8170 turns).

Jardinier the Fighter (Human Berserker)             Turns: 8170, Time: 01:18:28

Health: -2/87      AC: 23    Str: 21    XL:     11   Next: 52%
Magic:  11/11      EV:  9    Int: 10    God:    Trog [*****.]
Gold:   410        SH:  7    Dex: 13    Spells: 0 memorised, 10 levels left

rFire  + . .     SeeInvis .     A - +5 falchion (elec)
rCold  . . .     Gourm    +     H - +6 plate armour of Ebalocys {rN+ Int+3}
rNeg   + . .     Faith    .     N - +2 buckler
rPois  .         Spirit   .     (no helmet)
rElec  .         Dismiss  .     k - +0 cloak
rCorr  .         Reflect  .     (no gloves)
SustAt .         Harm     .     (no boots)
MR     .....                    w - amulet of the gourmand
Stlth  ..........               J - +2 ring of protection
                                F - ring of protection from fire

@: exhausted, slowed, very slow, not resistant to hostile enchantments,
extremely unstealthy
A: no striking features
a: Berserk, Trog's Hand, Brothers in Arms, Burn Spellbooks, Renounce Religion


You were on level 2 of the Lair of Beasts.
You worshipped Trog.
Trog was extremely pleased with you.
You were very hungry.

You visited 2 branches of the dungeon, and saw 12 of its levels.

You collected 410 gold pieces.

Inventory:

Hand Weapons
 a - a +0 hand axe
 f - a +0 scythe
 p - a +0 shortbow
 u - a +1 war axe
 A - a +5 falchion of electrocution (weapon)
 C - a +1 morningstar
 K - a +0 long sword of electrocution
Missiles
 g - 57 bolts
 i - 230 stones
 m - 7 poisoned needles (quivered)
 q - 66 arrows
 x - 2 tomahawks
Armour
 b - the +1 chain mail of Indomitability {Regen+ Slay+3}
   (You found it on level 9 of the Dungeon)

   It affects your accuracy and damage with ranged weapons and melee attacks
   (+3).
   It increases your rate of regeneration.
 c - a +3 scale mail
 k - a +0 cloak (worn)
 H - the +6 plate armour of Ebalocys (worn) {rN+ Int+3}
   (You found it on level 7 of the Dungeon)

   It affects your intelligence (+3).
   It protects you from negative energy.
 N - a +2 buckler (worn)
 V - a cursed +0 ring mail
Jewellery
 w - an amulet of the gourmand (around neck)
 F - a ring of protection from fire (left hand)
 J - a +2 ring of protection (right hand)
Wands
 j - a wand of slowing (23/48)
 l - a wand of slowing (31/48)
 E - a wand of random effects (26/48)
 M - a wand of digging (12/24)
 Q - a wand of flame (29/48)
Scrolls
 d - 2 scrolls of summoning
 h - a scroll of remove curse
 o - a scroll of immolation {unknown}
 r - a scroll of amnesia
 v - a scroll of recharging {unknown}
 y - a scroll of magic mapping
 z - 2 scrolls of random uselessness
 I - 2 scrolls of fear {unknown}
 L - a scroll of blinking
 S - a scroll of enchant armour
Potions
 e - a potion of curing
 n - a potion of flight {unknown}
 t - a potion of haste {unknown}
 G - a potion of lignification
 O - a potion of agility {unknown}
 P - a potion of berserk rage {unknown}
 T - a potion of magic {unknown}
Books
 R - a book of Changes

   Spells                             Type                      Level
   a - Beastly Appendage              Transmutation                1
   b - Sticks to Snakes               Transmutation                2
   c - Spider Form                    Transmutation/Poison         3
   d - Ice Form                       Ice/Transmutation            4
   e - Blade Hands                    Transmutation                5
   Trog disapproves of the use of such an item.
Comestibles
 s - 3 fruits
 B - 4 bread rations
 D - a meat ration


   Skills:
 + Level 8.8 Fighting
 + Level 6.8 Long Blades
 + Level 5.9 Axes
 + Level 2.3 Bows
 + Level 0.4 Throwing
 + Level 8.2 Armour
 + Level 7.5 Dodging
 + Level 1.2 Stealth
 + Level 5.3 Shields


You had 10 spell levels left.
You didn't know any spells.

Dungeon Overview and Level Annotations

Branches:
Dungeon (10/15)            Temple (0/1) D:6            Lair (2/8) D:10
    Orc: D:9-12

Altars:
Dithmenos
Elyvilon
Fedhas
Kikubaaqudgha
Nemelex Xobeh
Ru
Trog
Xom
Yredelemnul
The Shining One


Message History

You hit the yak.
The yak is lightly wounded.
The yak barely misses you.
You hit the yak.
The yak is moderately wounded.
The yak gores you but does no damage. The yak gores you!
* * * LOW HITPOINT WARNING * * *
You don't know any spells.
You're too exhausted to go berserk.
You hit the yak.
There is a sudden explosion of sparks!
The yak is severely wounded.
The yak gores you!
* * * LOW HITPOINT WARNING * * *
You hit the yak.
The yak is severely wounded.
The yak barely misses you. The yak gores you but does no damage.
You hit the yak.
The yak is almost dead.
The yak gores you.
You die...

.. .... #..# #.# ..... #
## .#.# #..... ##.#.#.
...#.#. ...... #.....#
#.#.#...#........ .......
...#.#.#.#......###.....#
...#...#.#.....#...... #
.......#††.......#.... #
... #..†@Y......#.### #
....##.#'#......#.# ####
...............PP.####..P
.........................
.###.#########..#######..
## #### ###


You could see a yak.

Vanquished Creatures
  A hill giant (D:10)
  A black mamba (Lair:1)
  A spiny frog (Lair:1)
  A komodo dragon (Lair:2)
  A troll (D:9)
  A two-headed ogre (D:10)
  2 wyverns (D:8)
  8 yaks
  A spriggan (D:7)
  A hippogriff (D:9)
  A water moccasin (Lair:1)
  A porcupine (Lair:2)
  2 orc warriors
  An eye of draining (D:9)
  3 ice beasts
  2 sky beasts
  2 black bears (D:6)
  3 ogres
  A crocodile (D:10)
  3 centaurs
  A big kobold (D:9)
  6 giant frogs
  2 wyvern skeletons
  2 scorpions
  4 wights (D:8)
  A wasp zombie (D:7)
  4 crimson imps
  4 howler monkeys
  A giant frog zombie (D:5)
  A centaur zombie (D:8)
  4 jellies
  A giant frog skeleton (D:6)
  4 orc priests
  3 hounds (D:9)
  8 orc wizards
  Jessica (D:1)
  2 iguanas
  4 worker ants
  2 hound skeletons (D:6)
  A hound zombie (D:6)
  A howler monkey zombie (D:10)
  2 worker ant zombies (D:5)
  3 gnolls (D:8)
  A howler monkey skeleton (D:9)
  18 adders
  6 river rats (Lair:2)
  A shadow imp (D:10)
  5 oozes
  An adder zombie (D:8)
  An adder skeleton (D:8)
  3 worms (D:2)
  A dart slug (D:1)
  8 giant geckos
  35 orcs
  6 giant cockroaches
  9 goblins
  12 hobgoblins
  14 jackals
  3 quokkas
  4 ball pythons
  9 bats
  A giant gecko skeleton (D:6)
  6 giant newts
  A jackal skeleton (D:6)
  13 kobolds
  A quokka skeleton (D:3)
  A quokka zombie (D:6)
  7 rats
  A plant (Lair:2)
267 creatures vanquished.

Vanquished Creatures (collateral kills)
  A death knight (D:10)
  2 yaks (D:10)
  2 orc warriors
  A hound (D:10)
  2 orc priests (D:9)
  A howler monkey zombie (D:10)
  4 orcs
13 creatures vanquished.

Vanquished Creatures (others)
  A human (D:7)
1 creature vanquished.

Grand Total: 281 creatures vanquished

Notes
Turn   | Place    | Note
--------------------------------------------------------------
     0 | D:1      | Jardinier the Human Berserker began the quest for the Orb.
     0 | D:1      | Reached XP level 1. HP: 18/18 MP: 1/1
    74 | D:1      | Reached XP level 2. HP: 10/24 MP: 2/2
   567 | D:1      | Reached XP level 3. HP: 16/29 MP: 3/3
   699 | D:1      | Reached ** piety under Trog
  1052 | D:2      | Reached XP level 4. HP: 33/36 MP: 4/4
  1078 | D:2      | Noticed Jessica
  1149 | D:1      | Killed Jessica
  1390 | D:2      | Reached XP level 5. HP: 41/42 MP: 5/5
  1500 | D:2      | Found a blossoming altar of Fedhas.
  2133 | D:3      | Reached *** piety under Trog
  2219 | D:3      | Found a bloodstained altar of Trog.
  2267 | D:3      | Reached XP level 6. HP: 37/48 MP: 6/6
  2644 | D:4      | Paralysed by fainting for 8 turns
  2924 | D:4      | Noticed an ogre
  2936 | D:4      | Killed an ogre
  3102 | D:4      | Reached XP level 7. HP: 26/55 MP: 7/7
  3154 | D:5      | Entered Level 5 of the Dungeon
  3160 | D:5      | Reached **** piety under Trog
  3212 | D:5      | Found a sparkling altar of Nemelex Xobeh.
  3561 | D:5      | Reached skill level 1 in Bows
  3561 | D:5      | Reached skill level 5 in Dodging
  3561 | D:5      | Reached XP level 8. HP: 36/61 MP: 8/8
  3656 | D:6      | Reached skill level 5 in Fighting
  3716 | D:6      | Found a basalt altar of Yredelemnul.
  3923 | D:6      | Found a staircase to the Ecumenical Temple.
  4266 | D:6      | Reached skill level 5 in Axes
  4441 | D:7      | Reached skill level 1 in Shields
  4441 | D:7      | Reached XP level 9. HP: 69/69 MP: 9/9
  4520 | D:7      | Reached skill level 5 in Armour
  4660 | D:7      | Found a white marble altar of Elyvilon.
  4660 | D:7      | Found a shadowy altar of Dithmenos.
  4953 | D:7      | Found an ancient bone altar of Kikubaaqudgha.
  5187 | D:7      | Got a translucent plate armour
  5198 | D:7      | Identified the +6 plate armour of Ebalocys {rN+ Int+3} (You found it on level 7 of the Dungeon)
  5227 | D:7      | Reached skill level 1 in Long Blades
  5283 | D:7      | Found a sacrificial altar of Ru.
  5795 | D:8      | Found a glowing golden altar of the Shining One.
  6159 | D:8      | Reached XP level 10. HP: 73/77 MP: 10/10
  6300 | D:9      | Got a faintly humming chain mail
  6311 | D:9      | Identified the +1 chain mail of Indomitability {Regen+ Slay+3} (You found it on level 9 of the Dungeon)
  6671 | D:9      | HP: 4/118 [orc priest/nerve-wracking pain (10)]
  7109 | D:9      | Reached ***** piety under Trog
  7149 | D:9      | Found a shimmering altar of Xom.
  7380 | D:10     | Entered Level 10 of the Dungeon
  7403 | D:10     | Noticed a hill giant
  7415 | D:10     | Killed a hill giant
  7415 | D:10     | Reached skill level 1 in Stealth
  7435 | D:10     | HP: 4/80 [acid (3)]
  7436 | D:10     | HP: 1/80 [acid (4)]
  7492 | D:10     | Reached skill level 5 in Long Blades
  7615 | D:10     | Noticed a death knight
  7624 | D:10     | Reached XP level 11. HP: 85/87 MP: 11/11
  7627 | D:10     | Killed a death knight
  7665 | D:10     | Found a staircase to the Lair.
  7675 | Lair:1   | Entered Level 1 of the Lair of Beasts
  8063 | Lair:2   | Reached skill level 5 in Shields
  8168 | Lair:2   | HP: 2/87 [yak (10)]
  8170 | Lair:2   | Slain by a yak

Skill      XL: |  1  2  3  4  5  6  7  8  9 10 11 |
---------------+----------------------------------+-----
Dodging        | 3 4 5 6 7 |  7.5
Fighting       | 4 5 6 8 |  8.8
Axes           | 4 5 |  5.9
Armour         | 3 4 6 7 8 |  8.2
Bows           | 1 2 |  2.3
Shields        | 1 2 4 5 |  5.3
Long Blades    | 3 5 6 |  6.8
Stealth        | 1 |  1.2
Throwing       | |  0.4

Action                   |  1- 3 |  4- 6 |  7- 9 | 10-12 || total
-------------------------+-------+-------+-------+-------++-------
Melee: Hand axe          |   117 |   291 |   134 |       ||   542
       War axe           |       |       |   112 |       ||   112
       Falchion          |       |       |   160 |   291 ||   451
 Fire: Shortbow          |       |       |    20 |       ||    20
Invok: Berserk           |       |     2 |     8 |     5 ||    15
       Trog's Hand       |       |     1 |     2 |     1 ||     4
       Brothers in Arms  |       |       |       |     2 ||     2
       Burn Spellbooks   |       |       |       |     1 ||     1
  Use: Scroll            |       |     5 |     7 |     7 ||    19
  Eat: Bread ration      |       |     2 |     1 |     1 ||     4
       Pizza             |       |     1 |       |     1 ||     2
       Beef jerky        |       |     1 |       |     1 ||     2
       Royal jelly       |       |     1 |       |       ||     1
       Meat ration       |       |       |     3 |       ||     3
Armor: Animal skin       |    33 |       |       |       ||    33
       Chain mail        |     2 |    73 |       |       ||    75
       Scale mail        |       |    87 |   181 |       ||   268
       Plate armour      |       |       |    61 |   174 ||   235
Dodge: Dodged            |    91 |   199 |   318 |   131 ||   739
Block: Buckler           |       |       |    72 |   104 ||   176
